 Dungeon Crawl Stone Soup version 0.23.1 (webtiles) character file.

Game seed: 12764747918907389784

191 Borgoz the Skirmisher (level 5, -2/46 HPs)
             Began as a Ghoul Monk on Mar 18, 2019.
             Slain by an ogre
             ... wielding a +0 giant spiked club
              (18 damage)
             ... on level 4 of the Dungeon.
             The game lasted 00:06:45 (3015 turns).

Borgoz the Skirmisher (Ghoul Monk)                  Turns: 3015, Time: 00:06:46

Health: -2/46      AC:  8    Str: 20    XL:     5   Next: 70%
Magic:  4/4        EV: 11    Int:  5    God:
Gold:   215        SH:  0    Dex: 12    Spells: 4/4 levels left

rFire    . . .     SeeInvis .   r - +3 dagger
rCold    + . .     Gourm    .   (no shield)
rNeg     + + +     Faith    +   g - +0 scale mail
rPois    ∞         Spirit   .   (no helmet)
rElec    .         Reflect  .   (no cloak)
rCorr    .         Harm     .   q - +0 pair of gloves
MR       .....                  a - +0 pair of boots
Stlth    +.........             i - amulet of faith
HPRegen  0.00/turn              (no ring)
MPRegen  0.09/turn              (no ring)

@: mighty, rotting
A: rotting body, claws 1, carnivore, cold resistance 1, negative energy
resistance 3, inhibited regeneration, torment resistance, unbreathing
a: no special abilities


You were on level 4 of the Dungeon.
You were not hungry.

You visited 1 branch of the dungeon, and saw 4 of its levels.

You collected 215 gold pieces.

Inventory:

Hand Weapons
 r - a +3 dagger (weapon)
Armour
 a - a +0 pair of boots (worn)
 g - a +0 scale mail (worn)
 q - a +0 pair of gloves (worn)
Jewellery
 i - an amulet of faith (around neck)
 x - an uncursed amulet of magic regeneration {unknown}
Scrolls
 d - 3 scrolls of identify {unknown}
 h - 4 scrolls of remove curse {unknown}
 k - a scroll of teleportation {unknown}
 l - 2 scrolls of fog {unknown}
 m - a scroll of magic mapping {unknown}
 n - 2 scrolls of enchant weapon {unknown}
 t - a scroll of amnesia {unknown}
 u - a scroll of immolation {unknown}
 w - a scroll of random uselessness {unknown}
Potions
 b - a potion of might
 e - a potion of agility {unknown}
 f - a potion of degeneration {unknown}
 j - 3 potions of curing {unknown}
 o - a potion of heal wounds {unknown}
 p - 2 potions of lignification {unknown}
 s - a potion of flight {unknown}
 v - a potion of mutation {unknown}
Comestibles
 c - 6 rations
 z - 3 chunks of flesh


   Skills:
 + Level 4.1 Fighting
 + Level 4.1 Short Blades
 + Level 1.7 Armour
 + Level 3.3 Dodging
 + Level 2.6 Stealth


You had 4 spell levels left.
You didn't know any spells.
Your spell library was empty.

Dungeon Overview and Level Annotations

Branches:
Dungeon (4/15)
 Temple: D:4-7

Altars:
Elyvilon
Makhleb
Okawaru
Vehumet


Innate Abilities, Weirdness & Mutations

Your body is rotting away.
You thrive on raw meat.
You are immune to poison.
You have sharp fingernails.
You are carnivorous and can eat meat at any time.
Your flesh is cold resistant. (rC+)
You are immune to negative energy. (rN+++)
You do not regenerate when monsters are visible.
You are immune to unholy pain and torment.
You can survive without breathing.


Message History

Things that are here:
a jackal skeleton x3
Eating one of 4 chunks of flesh.
You eat one of the 4 chunks of flesh.
You feel more resilient.
This raw flesh tastes great!
You now have 215 gold pieces (gained 14).
You open the door.
There is an open door here.
An ogre comes into view. It is wielding a +0 giant spiked club.
The ogre moves out of view.
The ogre hits you with a +0 giant spiked club!
An ogre is nearby!
You hit the ogre.
The ogre is moderately wounded.
The ogre hits you with a +0 giant spiked club!
It was a potion of might.
You feel very mighty all of a sudden.
You puncture the ogre!
The ogre is severely wounded.
The ogre hits you with a +0 giant spiked club!!
You die...

#.# #.# #.########.#
............
#########.########..
#.......#.# #..
#######.#.#########. ###
######.#.##......'. ..
##...........######.
#..@###.#.#..# #. ###
#...O##.#....# #. ..##
#....##.#....# #. ...#
#....##.##...# #. #.##
#....##.##...# #. #.# ###
#....##.##...# ##
#.#####.############.##...###
#.............. #.....#
#######.################..#.#


You could see an ogre.

Vanquished Creatures
  A bullfrog skeleton (D:4)
  An orc priest (D:3)
  A gnoll (D:1)
  3 adders (D:2)
  3 oozes
  A worm (D:2)
  4 dart slugs
  4 leopard geckos
  3 orcs (D:3)
  A giant cockroach (D:1)
  3 goblins
  6 hobgoblins
  6 jackals
  5 kobolds
  A quokka (D:2)
  3 ball pythons
  5 bats
  5 frilled lizards
  A jackal skeleton (D:4)
  13 rats
70 creatures vanquished.

Notes
Turn   | Place    | Note
-------+----------+-------------------------------------------
     0 | D:1      | Borgoz the Ghoul Monk began the quest for the Orb.
     0 | D:1      | Reached XP level 1. HP: 19/19 MP: 0/0
    52 | D:1      | Reached XP level 2. HP: 13/26 MP: 1/1
   273 | D:1      | Reached XP level 3. HP: 10/33 MP: 2/2
   889 | D:2      | Reached XP level 4. HP: 24/40 MP: 3/3
  1147 | D:2      | Found an iron altar of Okawaru.
  1921 | D:3      | Reached skill level 1 in Armour
  1947 | D:3      | Reached XP level 5. HP: 22/46 MP: 4/4
  2584 | D:4      | Found a burning altar of Makhleb.
  2584 | D:4      | Found a white marble altar of Elyvilon.
  2739 | D:4      | Found a radiant altar of Vehumet.
  3011 | D:4      | Noticed an ogre
  3015 | D:4      | Slain by an ogre

Skill      XL: |  1  2  3  4  5 |
---------------+----------------+-----
Dodging        | 3 |  3.3
Short Blades   | 3 4 |  4.1
Fighting       | 4 |  4.1
Armour         | 1 |  1.7
Stealth        | |  2.6

Action                   |  1- 3 |  4- 6 || total
-------------------------+-------+-------++-------
Melee: Short sword       |   118 |   127 ||   245
       Dagger            |       |    50 ||    50
  Use: Potion            |     1 |     1 ||     2
 Stab: Sleeping          |     3 |       ||     3
  Eat: Chunk             |     8 |    10 ||    18
Armor: Scale mail        |    36 |    64 ||   100
       Robe              |     1 |       ||     1
Dodge: Dodged            |    49 |    78 ||   127
